Map: Persephone LE

Players

Kelazhur - Winner!

  • Race: Terran Terran
  • League: Master
  • Spawn Location: 11:00

Shino

  • Race: Zerg Zerg
  • Spawn Location: 7:00

Event: HomeStory Cup XXVII

VOD

Have the link to the VOD?

Description

Time

  • Played on: June 28, 2025, 2:15 p.m.
  • Length: 9:49

All games in this series

Show
View Real Time Build Order
Export as new Build Order

Kelazhur Terran - Winner!

Build Orders: Reaper Expand, Hellion Banshee 

Get SALT Encoding   

  12  0:00  SCV  
  13  0:12  SCV  
  14  0:17  Supply Depot  
  14  0:24  SCV  
  15  0:38  SCV  
  15  0:40  Barracks  
  15  0:42  Refinery  
  16  0:51  SCV  
  17  1:03  SCV  
  18  1:15  SCV  
  19  1:27  Orbital Command, Reaper  
  20  1:37  Command Center  
  20  1:46  Supply Depot  
  20  1:52  SCV  
  21  1:59  Marine  
  22  2:02  Factory  
  22  2:04  SCV  
  23  2:17  SCV  
  23  2:20  Barracks Reactor  
  24  2:29  SCV  
  25  2:41  SCV  
  25  2:42  Command Center  
  26  2:51  Orbital Command  
  26  2:53  SCV  
  26  2:57  Starport  
  27  3:05  Hellion x2  
  31  3:08  SCV  
  32  3:13  Refinery  
  32  3:16  Barracks Tech Lab, SCV  
  33  3:20  SCV  
  34  3:29  Hellion x2, SCV  
  34  3:33  SCV  
  40  3:43  SCV  
  40  3:44  Banshee  
  40  3:45  SCV  
  45  3:54  Hellion x2  
  45  3:55  Orbital Command  
  49  3:57  SCV x2  
  49  4:01  Barracks Tech Lab  
  49  4:02  Cloaking Field  
  51  4:07  Barracks Tech Lab  
  51  4:09  Supply Depot, SCV  
  52  4:12  SCV  
  53  4:21  SCV  
  54  4:25  SCV  
  54  4:26  Marine  
  56  4:32  SCV  
  56  4:34  Barracks  
  56  4:36  Factory Reactor, Barracks  
  56  4:38  Banshee  
  51  4:39  SCV x2  
  51  4:40  Refinery  
  51  4:42  Refinery  
  53  4:47  Engineering Bay  
  53  4:49  Engineering Bay  
  53  4:50  SCV  
  53  4:51  SCV  
  53  4:52  Marine  
  56  4:56  Stimpack  
  56  4:58  SCV  
  57  5:02  SCV  
  57  5:03  SCV  
  59  5:10  SCV  
  59  5:14  Barracks, SCV  
  61  5:15  Barracks, SCV  
  61  5:20  Marine  
  63  5:22  SCV  
  63  5:28  SCV  
  66  5:29  Marine x2  
  66  5:31  Marine  
  66  5:34  Terran Infantry Armor Level 1, Terran Infantry Weapons Level 1  
  69  5:36  Starport Reactor  
  69  5:37  Supply Depot, Orbital Command  
  69  5:38  Supply Depot, SCV  
  69  5:53  Bunker  
  69  5:54  Bunker  
  69  5:58  Supply Depot, Marine x3, Siege Tank, SCV x2  
  69  6:00  Marine  
  69  6:03  Supply Depot  
  78  6:11  Marine  
  77  6:14  Marine  
  77  6:15  Marine  
  77  6:16  Marine  
  77  6:17  Marine x3  
  68  6:29  Marine  
  68  6:30  SCV  
  68  6:32  Marine  
  55  6:33  Marine  
  55  6:34  Marine  
  55  6:35  Marine x3  
  55  6:39  SCV x2  
  60  6:45  SCV  
  60  6:47  Marine  
  53  6:49  Marine  
  53  6:51  Marine  
  53  6:52  Marine x2, SCV  
  53  6:53  Marine x2  
  62  7:04  Marine, SCV x2  
  62  7:08  Marine  
  65  7:10  Marine x2  
  68  7:16  SCV  
  68  7:17  SCV  
  68  7:19  Marine x2, Medivac  
  68  7:20  Combat Shield  
  71  7:26  Orbital Command  
  71  7:27  Armory  
  71  7:28  SCV  
  71  7:29  SCV  
  75  7:33  Marine x2  
  75  7:34  Barracks Reactor x2  
  77  7:40  Marine, SCV  
  77  7:41  Marine, SCV  
  77  7:43  Siege Tank  
  84  7:44  Medivac  
  84  7:46  Marine  
  84  7:49  Medivac  
  87  7:51  Supply Depot, Orbital Command  
  87  7:53  SCV x2  
  87  7:56  Marine  
  87  7:57  Marine  
  92  8:05  SCV  
  92  8:07  Marine  
  93  8:13  Marine x6, SCV  
  93  8:14  Marine  
  101  8:20  Supply Depot x2  
  101  8:26  SCV x2  
  100  8:33  Marine  
  101  8:38  Marine  
  101  8:39  Marine x3  
  101  8:40  Marine  
  101  8:41  Marine x3  
  101  8:43  SCV x2  
  105  8:48  Medivac  
  105  8:49  Medivac  
  105  8:50  Siege Tank  
  105  8:51  Marine  
  110  8:56  Marine  
  110  8:57  Marine  
  110  8:58  Marine  
  110  8:59  Marine, SCV x3  
  115  9:07  Supply Depot, Marine  
  115  9:08  Marine  
  117  9:16  Supply Depot  
  117  9:17  Supply Depot  
  117  9:28  Marine x2  
  117  9:29  SCV x2  
  125  9:35  Missile Turret  
Show
View Real Time Build Order
Export as new Build Order

Shino Zerg 

Build Orders: Hatch First 

Get SALT Encoding   

  12  0:00  Drone  
  13  0:12  Overlord  
  13  0:17  Drone  
  14  0:30  Drone  
  14  0:31  Drone  
  16  0:45  Hatchery  
  16  0:49  Drone  
  16  0:52  Drone  
  16  0:56  Drone  
  18  1:06  Extractor  
  17  1:11  Spawning Pool  
  17  1:15  Drone  
  17  1:18  Drone  
  18  1:28  Drone  
  19  1:39  Drone  
  20  1:50  Drone  
  21  1:58  Queen x2  
  21  1:59  Zergling x2  
  21  2:00  Zergling x2  
  27  2:09  Overlord  
  27  2:11  Drone  
  28  2:18  Metabolic Boost  
  28  2:33  Drone x2  
  28  2:39  Queen  
  28  2:42  Drone x3  
  33  2:47  Overlord  
  33  2:53  Drone  
  33  2:54  Overlord  
  34  2:59  Hatchery  
  34  3:04  Drone  
  34  3:08  Drone x3  
  37  3:13  Overlord  
  37  3:14  Drone  
  37  3:18  Drone  
  39  3:22  Roach Warren  
  37  3:34  Drone  
  37  3:40  Drone x5, Extractor  
  37  3:41  Extractor  
  41  3:44  Drone x2  
  41  3:47  Queen  
  45  3:55  Drone x4  
  49  4:01  Lair  
  49  4:13  Zergling x12  
  49  4:16  Evolution Chamber  
  44  4:24  Drone  
  44  4:25  Drone x2  
  44  4:28  Spore Crawler  
  45  4:35  Drone x4  
  45  4:37  Pneumatized Carapace  
  50  4:41  Drone  
  51  4:49  Drone  
  51  4:52  Overlord  
  52  4:55  Roach  
  52  4:56  Roach x2  
  52  4:59  Roach  
  62  5:07  Roach x2  
  62  5:08  Overseer  
  62  5:10  Spore Crawler  
  62  5:13  Roach  
  65  5:16  Roach  
  65  5:18  Roach  
  69  5:21  Overlord  
  69  5:26  Overlord  
  69  5:31  Ravager  
  69  5:32  Overlord  
  69  5:34  Zergling x2, Ravager  
  69  5:35  Zergling x2  
  73  5:40  Zergling x4  
  73  5:41  Zergling x4  
  73  5:42  Ravager  
  77  5:52  Zergling x4  
  77  5:53  Zergling x8  
  77  5:55  Ravager  
  83  6:00  Zergling x6  
  78  6:20  Zergling x2  
  78  6:21  Zergling x16  
  77  6:32  Ravager  
  77  6:33  Ravager x2  
  77  6:35  Zergling x6  
  68  6:45  Zergling x6  
  62  6:49  Roach  
  62  6:53  Glial Reconstitution  
  56  6:56  Evolution Chamber, Queen x2  
  56  6:57  Evolution Chamber  
  57  7:14  Drone x8  
  65  7:21  Zerg Missile Weapons Level 1  
  65  7:23  Zerg Ground Armor Level 1  
  65  7:25  Roach  
  65  7:29  Drone x2  
  69  7:32  Queen  
  71  7:38  Drone x3  
  71  7:42  Infestation Pit  
  71  7:43  Drone  
  74  7:46  Burrow  
  74  7:48  Drone  
  74  7:49  Extractor  
  74  7:50  Drone  
  75  7:57  Roach  
  77  7:59  Roach x2  
  81  8:05  Overlord  
  81  8:08  Overlord x2  
  81  8:11  Zergling x2  
  82  8:20  Overlord  
  82  8:26  Roach x6  
  84  8:33  Roach x3  
  80  8:42  Roach x5  
  74  8:54  Roach x4  
  75  8:58  Drone  
  75  9:01  Drone x2  
  73  9:04  Drone x2  
  73  9:08  Infestor  
  77  9:10  Drone  
  77  9:15  Drone x2  
  80  9:19  Drone  
Tags
 
Add a new tag
Caveats
  • Supply blocks, unpowered buildings, or Contaminate may cause inaccurate times.
  • Supply counts are checked every 10 seconds.